 Dungeon Crawl Stone Soup version 0.28.0 (webtiles) character file.

Game seed: 14433348452710415146

30 sanka the Magician (level 3, 20/20 HPs)
             Began as a Deep Elf Transmuter on Feb 8, 2022.
             Was a Follower of Zin.
             Quit the game on level 1 of the Dungeon.
             The game lasted 00:01:40 (1573 turns).

sanka the Magician (Deep Elf Transmuter)            Turns: 1573, Time: 00:01:41

Health: 20/20      AC:  2    Str:  7    XL:     3   Next: 5%
Magic:  11/11      EV: 12    Int: 19    God:    Zin [*.....]
Gold:   43         SH:  0    Dex: 15    Spells: 11/12 levels left

rFire   . . .      SeeInvis .     - Unarmed
rCold   . . .      Faith    .   (no shield)
rNeg    . . .      Spirit   .   a - +0 robe
rPois   .          Reflect  .   (no helmet)
rElec   .          Harm     .   (no cloak)
rCorr   .          Rampage  .   (no gloves)
Will    .....                   (no boots)
Stlth   +.........              (no amulet)
HPRegen 0.06/turn               (no ring)
MPRegen 0.12/turn               (no ring)

@: no status effects
A: no striking features
a: Renounce Religion, Recite, Donate Gold


You were on level 1 of the Dungeon.
You worshipped Zin.
Zin was aware of your devotion.
You visited 1 branch of the dungeon, and saw 2 of its levels.

You collected 47 gold pieces.
You donated 4 gold pieces to Zin.

Inventory:

Armour
 a - a +0 robe (worn)
Wands
 f - a wand of charming (8)
Scrolls
 b - a scroll of immolation {unknown}
 e - a scroll of noise {unknown}
 g - 2 scrolls of enchant weapon {unknown}
 i - a scroll of teleportation {unknown}
Potions
 c - 2 potions of heal wounds {unknown}
 d - a potion of haste {unknown}
 h - a potion of curing {unknown}


   Skills:
 - Level 0.7 Fighting
 - Level 2.4 Dodging
 - Level 2.4 Unarmed Combat
 + Level 5.0 Spellcasting
 - Level 2.1 Transmutations


You had 11 spell levels left.
You knew the following spells:

 Your Spells              Type           Power      Damage    Failure   Level
a - Beastly Appendage     Tmut           26%        N/A       4%          1

Your spell library contained the following spells:

 Spells                   Type           Power      Damage    Failure   Level
 Wereblood                Tmut           13%        N/A       8%          2
 Spider Form              Tmut/Pois      8%         N/A       24%         3
 Ice Form                 Ice/Tmut       8%         N/A       61%         4


Dungeon Overview and Level Annotations

Branches:
Dungeon (2/15)

Altars:
Zin

Shops:
D:1 !


Message History

You hit the kobold but do no damage. The kobold hits you with a +0 dagger.
You are too injured to fight recklessly!
Unknown command.
Casting: Beastly Appendage (safe; 4% risk of failure)
Confirm with . or Enter, or press ? or * to list all spells.
You grow a pair of large bovine horns.
Your feet morph into talons.
The kobold hits you but does no damage.
Your magical contamination has completely faded away.
You closely miss the kobold. The kobold barely misses you.
You hit the kobold.
You headbutt the kobold, but do no damage.
The kobold is severely wounded.
The kobold hits you with a +0 dagger.
You closely miss the kobold.
The kobold is severely wounded.
The kobold barely misses you.
You closely miss the kobold.
The kobold is severely wounded.
The kobold barely misses you.
You hit the kobold.
You kill the kobold!
Your Spellcasting skill increases to level 5!
You climb upwards.
There is a stone staircase leading down here.
Unknown command.
You start resting.
Magic restored.
You start resting.
Your horns disappear.
Your talons disappear.
HP restored.
Search for what [? for help]? altar
There is an open door here.
There is a faded altar of an unknown god here.
You cannot tell which god this altar belongs to.
Convert to them anyway?
Zin accepts your prayer! Zin welcomes you!
You pay a tithe of 4 gold.
You can now donate money to Zin.
You can now recite Zin's Axioms of Law.
Unknown command.
Press < or > to pray at altars.
Are you sure you want to abandon this character and quit the game? (Confirm with "yes".)

#.#######................#
#........................'
#..###..###.#####........#
##...........####........#
#........................
#..)........#############
#(###)......#
#...........#
#.......@...#
#.###(.###..#
#......†....#
##.#.........#
#..#.........#
#..#....##...#
#............#
#............#
##############


There were no monsters in sight!

Vanquished Creatures
  2 bats (D:1)
  2 endoplasms (D:1)
  2 giant cockroaches (D:1)
  5 goblins (D:1)
  4 hobgoblins
  2 quokkas (D:1)
  3 ball pythons (D:1)
  A frilled lizard (D:2)
  2 kobolds
  3 rats (D:1)
26 creatures vanquished.

Notes
Turn   | Place    | Note
-------+----------+-------------------------------------------
     0 | D:1      | sanka the Deep Elf Transmuter began the quest for the Orb.
     0 | D:1      | Reached XP level 1. HP: 11/11 MP: 6/6
   145 | D:1      | Reached skill level 4 in Spellcasting
   145 | D:1      | Reached XP level 2. HP: 16/16 MP: 7/9
   180 | D:1      | Found Gagg's Distillery.
   798 | D:1      | Found a faded altar of an unknown god.
  1212 | D:1      | Reached XP level 3. HP: 15/20 MP: 9/11
  1341 | D:2      | Reached skill level 5 in Spellcasting
  1572 | D:1      | Prayed at the altar of an unknown god.
  1572 | D:1      | Became a worshipper of Zin the Law-Giver
  1572 | D:1      | Reached * piety under Zin
  1573 | D:1      | Quit the game

Illustrated notes

Levels and vault maps discovered:
D:1:      tarquinn_simple_flora_water_a, layout_basic, serial_shops,
          nicolae_shop_hallway_plus, hellmonk_ecumenical_altar_lost_god,
          serial_bayou_lagoon_a, st_stairs_9
D:2:      layout_loops_ring, uniq_robin

Skill      XL: |  1  2  3 |
---------------+----------+-----
Spellcasting   | 4 5 |  5.0
Fighting       | |  0.7
Dodging        | |  2.4
Unarmed Combat | |  2.4
Transmutations | |  2.1

Action                   || total
-------------------------++-------
Melee: Unarmed           ||    65
       Headbutt          ||    12
       Kick              ||    15
       Punch             ||     3
 Cast: Beastly Appendage ||    19
 Stab: Sleeping          ||     1
Armor: Robe              ||    10
Dodge: Dodged            ||    38
